 Dungeon Crawl Stone Soup version 0.31.0-12-g77e489cdc1 (webtiles) character file.

Game seed: 9991845259582242190

2737 Gadfly the Cudgeller (level 9, -1/82 (93) HPs)
             Began as an Oni Berserker on Feb 27, 2024.
             Was an Elder of Trog.
             Slain by a laughing skull (2 damage)
             ... on level 9 of the Dungeon.
             The game lasted 00:08:26 (5934 turns).

Gadfly the Cudgeller (Oni Berserker)                Turns: 5934, Time: 00:08:26

HP:   -1/82 (93)    AC:  5    Str: 31    XL:     9   Next: 67%
MP:   9/9           EV: 10    Int:  8    God:    Trog [****..]
Gold: 133           SH:  0    Dex: 10    Spells: 8/8 levels left

rFire   . . .        a - +5 flail (drain)
rCold   . . .        (no shield)
rNeg    . . .        n - +1 animal skin
rPois   +            (helmet restricted)
rElec   .            e - +0 cloak
rCorr   .            (gloves unavailable)
SInv    .            (boots unavailable)
Will    .....        w - amulet of regeneration
Stlth   +            u - +6 ring of strength
HPRegen 1.13/turn    t - ring of poison resistance
MPRegen 0.11/turn

%: no passive effects
@: heavily drained
A: large, unfitting armour, horns 1, tough skin 1, double potion healing,
drunken brawling
a: Renounce Religion, Berserk, Trog's Hand, Brothers in Arms


You were on level 9 of the Dungeon.
You worshipped Trog.
Trog was greatly pleased with you.
You visited 1 branch of the dungeon, and saw 8 of its levels.

You collected 291 gold pieces.
You spent 158 gold pieces at shops.

Inventory:

Hand Weapons
 a - a +5 flail of draining (weapon)
 b - the +3 sling of Disintegration {freeze, rPois rC++}
   (You found it on level 3 of the Dungeon)

   rC++:      It greatly protects you from cold.
   rPois:     It protects you from poison
 i - a +1 mace
 o - a +0 whip of flaming
Armour
 e - a +0 cloak (worn)
 n - a +1 animal skin (worn)
Jewellery
 m - a ring of resist corrosion
 t - a ring of poison resistance (right hand)
 u - a +6 ring of strength (left hand)
 w - an amulet of regeneration (around neck)
Scrolls
 d - 3 scrolls of identify
 g - a scroll of poison {unknown}
 l - 2 scrolls of revelation
 p - 2 scrolls of teleportation
 v - a scroll of silence
 x - a scroll of vulnerability
Potions
 c - a potion of mutation
 f - 5 potions of curing
 h - a potion of haste
 j - a potion of cancellation
 k - 2 potions of might
 q - 3 potions of heal wounds
 r - 2 potions of enlightenment
 s - a potion of lignification


   Skills:
 + Level 7.6 Fighting
 * Level 7.6 Maces & Flails
 * Level 6.2 Armour
 - Level 2.6 Dodging
 * Level 5.6 Evocations


You had 8 spell levels left.
You didn't know any spells.
Your spell library was empty.

Dungeon Overview and Level Annotations

Branches:
Dungeon (7/15)             Temple (0/1) D:7

Altars:
Makhleb
Ru
Trog
Wu Jian
Xom
Yredelemnul
Zin
The Shining One

Shops:
D:2 !   D:5 !

Annotations:
D:7 3 runed translucent doors, Sledge's ghost, novice DsCK


Innate Abilities, Weirdness & Mutations

You are too large for most types of armour.
You have a pair of small horns on your head.
You have tough skin. (AC +1)
You gain doubled healing and magic from potions.
Whenever you drink a healing potion, you attack all around you.


Message History

A laughing skull comes into view.
The laughing skull gives a hideous shriek!
You barely miss the laughing skull. The laughing skull headbutts you!
The laughing skull gibbers with scorn.
The bolt of negative energy hits the laughing skull.
The laughing skull completely resists.
The bolt of negative energy hits you!!
You feel drained. The laughing skull closely misses you.
You barely miss the laughing skull. The laughing skull headbutts you.
You sock the laughing skull!
The laughing skull is severely damaged.
The laughing skull headbutts you but does no damage.
The laughing skull headbutts you.
You hit the laughing skull but do no damage.
The laughing skull is severely damaged.
The laughing skull lets out a vicious peal of laugher.
The bolt of negative energy misses you.
The laughing skull gibbers with scorn.
The bolt of negative energy hits the laughing skull.
The laughing skull completely resists.
The bolt of negative energy misses you.
You closely miss the laughing skull.
Your headbutt misses the laughing skull.
The laughing skull is severely damaged.
The laughing skull headbutts you but does no damage.
The laughing skull headbutts you.
You hit the laughing skull.
The laughing skull is almost destroyed.
The laughing skull headbutts you!
The laughing skull gibbers with scorn.
The bolt of negative energy hits the laughing skull.
The laughing skull completely resists.
The bolt of negative energy hits you!!
You feel drained.
You miss the laughing skull.
Your headbutt misses the laughing skull.
The laughing skull is almost destroyed.
The laughing skull cackles spitefully.
The bolt of negative energy hits you!!
You feel drained.
* * * LOW HITPOINT WARNING * * *
The laughing skull headbutts you.
You die...
The laughing skull crumbles to pieces from sheer joy.

####
#).#################
##..........@zz.....
#....#############.
#..............
#(...#..######
#######.## #..######
##......#
######.######
#......########


You could see 2 laughing skulls.

Vanquished Creatures
  Pikel (D:4)
  2 water moccasins (D:6)
  An ice beast (D:6)
  An orc warrior (D:7)
  4 sky beasts
  Duvessa (D:6)
  An ogre (D:5)
  2 phantoms (D:6)
  5 scorpions
  Dowan (D:6)
  5 hounds
  A jelly (D:5)
  6 orc priests (D:7)
  A gnoll bouda (D:4)
  2 sleepcaps
  6 iguanas
  An orc wizard (D:7)
  8 gnolls
  7 adders
  A shadow imp (D:6)
  A dart slug (D:2)
  A ribbon worm (D:2)
  8 orcs
  4 bats
  6 endoplasms
  4 giant cockroaches
  4 goblins
  6 hobgoblins
  3 quokkas
  3 ball pythons
  3 frilled lizards
  4 kobolds
  5 rats
109 creatures vanquished.

Notes
Turn   | Place    | Note
-------+----------+-------------------------------------------
     0 | D:1      | Gadfly the Oni Berserker began the quest for the Orb.
     0 | D:1      | Reached XP level 1. HP: 24/24 MP: 1/1
   246 | D:1      | Reached XP level 2. HP: 28/32 MP: 2/2
   877 | D:2      | Reached skill level 1 in Armour
   935 | D:2      | Reached skill level 1 in Evocations
   935 | D:2      | Reached XP level 3. HP: 31/39 MP: 1/3
  1163 | D:2      | Reached ** piety under Trog
  1169 | D:2      | Found Inetoadd's Distillery.
  1198 | D:2      | Bought a potion of degeneration for 12 gold pieces
  1483 | D:3      | Identified the +3 sling of Disintegration {freeze, rPois
                  | rC++}
  1719 | D:3      | Reached XP level 4. HP: 49/49 MP: 4/4
  1771 | D:3      | Found a burning altar of Makhleb.
  1772 | D:3      | Found a glowing golden altar of the Shining One.
  1777 | D:3      | Found an ornate altar of the Wu Jian Council.
  1778 | D:3      | Found a basalt altar of Yredelemnul.
  1778 | D:3      | Found a glowing silver altar of Zin.
  1782 | D:3      | Found a bloodstained altar of Trog.
  2070 | D:3      | Identified a scroll of acquirement
  2071 | D:3      | Acquired a +5 flail of draining
  2306 | D:4      | Reached XP level 5. HP: 51/55 MP: 5/5
  2947 | D:4      | Reached XP level 6. HP: 65/65 MP: 6/6
  3068 | D:5      | Entered Level 5 of the Dungeon
  3075 | D:5      | Reached skill level 5 in Fighting
  3119 | D:5      | Noticed a sky beast
  3130 | D:5      | Killed a sky beast
  3197 | D:5      | Noticed Pikel
  3217 | D:4      | Killed Pikel
  3218 | D:4      | Reached skill level 5 in Maces & Flails
  3218 | D:4      | Reached XP level 7. HP: 28/74 MP: 2/7
  3218 | D:4      | Reached XP level 8. HP: 31/83 MP: 2/8
  3433 | D:5      | Found Rymare's Distillery.
  3443 | D:5      | Bought a potion of heal wounds for 50 gold pieces
  3516 | D:2      | Bought a potion of enlightenment for 60 gold pieces
  3516 | D:2      | Bought a potion of lignification for 36 gold pieces
  3580 | D:5      | Reached *** piety under Trog
  3828 | D:5      | Found a sacrificial altar of Ru.
  4485 | D:6      | Noticed Dowan
  4486 | D:6      | Noticed Duvessa
  4487 | D:6      | Found a shimmering altar of Xom.
  4498 | D:6      | Killed Duvessa
  4499 | D:6      | Reached skill level 5 in Armour
  4546 | D:6      | Reached XP level 9. HP: 84/92 MP: 5/9
  4552 | D:6      | Killed Dowan
  4862 | D:6      | Reached skill level 5 in Evocations
  5460 | D:7      | Found a staircase to the Ecumenical Temple.
  5633 | D:7      | Reached **** piety under Trog
  5880 | D:7      | Found a runed translucent gate.
  5880 | D:7      | Found a runed translucent gate.
  5880 | D:7      | Found a runed translucent gate.
  5880 | D:7      | Noticed Sledge's ghost (novice DsCK)
  5884 | D:7      | You fall into a shaft and drop 2 floors!
  5934 | D:9      | HP: 1/82 [laughing skull/bolt of negative energy (28)]
  5934 | D:9      | Slain by a laughing skull

Illustrated notes

Levels and vault maps discovered:
D:1:      dpeg_arrival_pits, layout_basic
D:2:      layout_rooms, serial_shops, nicolae_shop_tiny_statue_garden
D:3:      layout_basic, minitemple
D:4:      layout_basic
D:5:      layout_rooms, overflow_temple_1_default, serial_shops, shop,
          kennysheep_dice, uniq_pikel
D:6:      layout_basic, mainiacjoe_overflow_cross_hatched, uniq_duvessa
D:7:      layout_cave_pools, minmay_temple_entry_drinking_statues,
          gammafunk_ghost_split
D:9:      layout_rooms, kennysheep_slug_shrine, uniq_grum

Skill      XL: |  1  2  3  4  5  6  7  8  9 |
---------------+----------------------------+-----
Armour         | 1 2 4 5 6 |  6.2
Evocations     | 1 2 3 4 5 |  5.6
Maces & Flails | 4 5 6 7 |  7.6
Fighting       | 5 6 7 |  7.6
Dodging        | |  2.6

Action                     |  1- 3 |  4- 6 |  7- 9 || total
---------------------------+-------+-------+-------++-------
  Melee: Mace              |   102 |     1 |       ||   103
         Headbutt          |    13 |     8 |    24 ||    45
         Flail             |       |    59 |   154 ||   213
         Punch             |       |     1 |     3 ||     4
   Fire: Sling             |       |     7 |       ||     7
 Invoke: Berserk           |     1 |     1 |       ||     2
    Use: Scroll            |     8 |     5 |     4 ||    17
   Stab: Sleeping          |       |     1 |       ||     1
 Armour: Animal skin       |    75 |    58 |   132 ||   265
  Dodge: Dodged            |    63 |    33 |    80 ||   176
